 Dungeon Crawl Stone Soup version 0.28.0 (webtiles) character file.

Game seed: 7981037854187503188

294 Jerry the Chucker (level 6, -25/61 HPs)
             Began as a Troll Hunter on Feb 10, 2022.
             Killed from afar by Ijyb (27 damage)
             ... with a bolt of acid
             ... on level 3 of the Dungeon.
             The game lasted 00:09:19 (2601 turns).

Jerry the Chucker (Troll Hunter)                    Turns: 2601, Time: 00:09:20

Health: -25/61     AC:  4    Str: 23    XL:     6   Next: 11%
Magic:  5/5        EV: 10    Int:  7    God:
Gold:   146        SH:  0    Dex: 10    Spells: 5/5 levels left

rFire   + . .      SeeInvis .   k - +0 whip
rCold   . . .      Faith    .   (no shield)
rNeg    . . .      Spirit   .   b - +0 robe
rPois   .          Reflect  .   (helmet restricted)
rElec   .          Harm     .   (no cloak)
rCorr   .          Rampage  .   (gloves unavailable)
Will    .....                   (boots unavailable)
Stlth   +.........              (no amulet)
HPRegen 1.00/turn               s - ring of protection from fire
MPRegen 0.09/turn               (no ring)

@: no status effects
A: large, unfitting armour, claws 3, regeneration 1, shaggy fur 1, tough skin 1
a: no special abilities


You were on level 3 of the Dungeon.
You visited 1 branch of the dungeon, and saw 4 of its levels.

You collected 146 gold pieces.

Inventory:

Hand Weapons
 k - a +0 whip (weapon)
Missiles
 a - 16 poisoned darts
 c - 4 large rocks (quivered)
 d - 2 throwing nets
Armour
 b - a +0 robe (worn)
Jewellery
 s - a ring of protection from fire (left claw)
 u - a +6 ring of intelligence
Wands
 r - a wand of acid (5)
Scrolls
 e - 2 scrolls of enchant armour {unknown}
 g - a scroll of summoning {unknown}
 i - 3 scrolls of identify {unknown}
 j - a scroll of fog {unknown}
 l - a scroll of noise {unknown}
 m - 2 scrolls of teleportation {unknown}
 n - a scroll of torment {unknown}
 o - a scroll of immolation {unknown}
Potions
 f - a potion of heal wounds {unknown}
 h - a potion of magic {unknown}
 p - a potion of might {unknown}
 q - 2 potions of curing {unknown}
 t - a potion of flight {unknown}
 v - a potion of mutation {unknown}


   Skills:
 + Level 3.1 Fighting
 + Level 2.0 Maces & Flails
 + Level 4.6 Throwing
 + Level 3.1 Dodging
 - Level 0.3 Stealth


You had 5 spell levels left.
You didn't know any spells.
Your spell library was empty.

Dungeon Overview and Level Annotations

Branches:
Dungeon (4/15)
 Temple: D:4-7

Altars:

Shops:
D:3 [

Annotations:
D:3 2 transporters, Ijyb


Innate Abilities, Weirdness & Mutations

You are too large for most types of armour.
You have claws for hands.
Your natural rate of healing is unusually fast.
You are covered in fur. (AC +1)
You have tough skin. (AC +1)


Message History

You are no longer corroded.
The quokka bites you but does no damage.
You whack the quokka!
You kill the quokka!
You see here a quokka corpse.
You start resting.
HP restored.
There is a stone staircase leading down here.
You climb downwards.
Level annotation: Ijyb Ijyb hits you with a +0 club.
There is a stone staircase leading up, spattered with blood here.
Ijyb hits you with a +0 club.
You climb upwards.
Level annotation: 2 transporters
There is a stone staircase leading down here.
Okay, then.
You hit Ijyb but do no damage. Ijyb closely misses you.
You hit Ijyb but do no damage. Ijyb hits you with a +0 club.
You barely miss Ijyb. Ijyb hits you with a +0 club.
You hit Ijyb but do no damage. Ijyb hits you with a +0 club.
You barely miss Ijyb.
Ijyb zaps a wand.
The bolt of acid hits you!!
You hit Ijyb but do no damage. Ijyb hits you with a +0 club.
You hit Ijyb but do no damage. You claw Ijyb.
Ijyb is lightly wounded.
Ijyb hits you but does no damage.
You barely miss Ijyb.
Ijyb is lightly wounded.
Ijyb barely misses you.
You hit Ijyb but do no damage.
Ijyb is lightly wounded.
Ijyb barely misses you.
You closely miss Ijyb.
Ijyb is lightly wounded.
Ijyb zaps a wand.
The bolt of acid hits you!!
* * * LOW HITPOINT WARNING * * *
Ijyb hits you with a +0 club.
* * * LOW HITPOINT WARNING * * *
Ijyb zaps a wand.
The bolt of acid hits you!!
You die...

(.....####..#
............#
......####.## .#.##.####.#
...........# .#.........#
.#..#.####.# ###########
...........#########
#.......#..
....(.#######...@.>#
#.#####.#.# ##.####
##....##g####.# #.#.# #.#
#.#...##......# #....
##.## ##....#########
###.# #...# ##..## #.#
#...# ####†#### #.. #...#
#......<######## #####
#...##### #.##.##.##.....#
#....
........###.##.##.##.....#
#.###


You could see Ijyb.

Vanquished Creatures
  An ogre (D:4)
  An iguana (D:4)
  3 gnolls (D:2)
  7 adders
  A worm (D:2)
  4 dart slugs (D:1)
  An orc (D:4)
  7 endoplasms
  5 giant cockroaches
  7 goblins
  8 hobgoblins
  8 jackals
  2 quokkas
  10 ball pythons
  2 bats (D:1)
  3 frilled lizards
  7 kobolds
  5 rats
82 creatures vanquished.

Notes
Turn   | Place    | Note
-------+----------+-------------------------------------------
     0 | D:1      | Jerry the Troll Hunter began the quest for the Orb.
     0 | D:1      | Reached XP level 1. HP: 19/19 MP: 0/0
    48 | D:1      | Reached XP level 2. HP: 28/28 MP: 1/1
   232 | D:1      | Reached XP level 3. HP: 32/35 MP: 2/2
   382 | D:1      | Found a faded altar of an unknown god.
   394 | D:1      | Reached skill level 4 in Throwing
   806 | D:2      | Reached XP level 4. HP: 34/44 MP: 3/3
  1356 | D:2      | Reached skill level 1 in Maces & Flails
  1604 | D:3      | Found a transporter.
  1689 | D:3      | Reached XP level 5. HP: 49/50 MP: 4/4
  1769 | D:3      | Found a transporter.
  1931 | D:3      | Found Atiete Muano's Antique Armour Shop.
  2491 | D:4      | Noticed an ogre
  2492 | D:4      | Killed an ogre
  2493 | D:4      | Reached XP level 6. HP: 61/61 MP: 5/5
  2535 | D:4      | Noticed Ijyb
  2599 | D:3      | HP: 2/61 [Ijyb/bolt of acid (24)]
  2601 | D:3      | Killed from afar by Ijyb

Illustrated notes

Levels and vault maps discovered:
D:1:      mrwooster_arrival_arrow, layout_rooms,
          hellmonk_ecumenical_altar_arch_garden
D:2:      wad_pebble_path, layout_basic
D:3:      gammafunk_wand_slinger, layout_loops_cross, serial_shops,
          nicolae_shop_crystal
D:4:      layout_rooms, uniq_ijyb

Skill      XL: |  1  2  3  4  5 |
---------------+----------------+-----
Fighting       | 2 3 |  3.1
Dodging        | 2 3 |  3.1
Throwing       | 4 |  4.6
Maces & Flails | 1 2 |  2.0
Stealth        | |  0.3

Action                   |  1- 3 |  4- 6 || total
-------------------------+-------+-------++-------
Melee: Short sword       |   116 |       ||   116
       Whip              |    32 |   218 ||   250
       Punch             |     2 |     3 ||     5
Throw: Large rock        |     3 |     5 ||     8
 Stab: Sleeping          |     1 |     1 ||     2
Armor: Robe              |    69 |    80 ||   149
Dodge: Dodged            |    99 |   117 ||   216
